Map: Jagannatha LE

Players

黑羽快斗 (ButAlways) - Winner!

  • Race: Protoss Protoss
  • League: Grandmaster
  • Spawn Location: 1:00

Yoger

  • Race: Zerg Zerg
  • League: Master
  • Spawn Location: 7:00

Event: DreamHack SC2 Masters 2020 Winter

VOD

Have the link to the VOD?

Description

Time

  • Played on: Oct. 21, 2020, 10:52 a.m.
  • Length: 5:47

All games in this series

Show
View Real Time Build Order
Export as new Build Order

黑羽快斗 Protoss - Winner!

Build Orders:  

Get SALT Encoding   

  12  0:00  Probe  
  13  0:12  Probe  
  14  0:20  Pylon  
  14  0:24  Probe  
  15  0:38  Probe (Chrono Boost)  
  15  0:39  Gateway  
  16  0:47  Probe (Chrono Boost)  
  16  0:49  Assimilator  
  17  0:52  Probe  
  18  1:04  Probe  
  19  1:13  Forge  
  19  1:17  Probe  
  20  1:28  Pylon, Zealot (Chrono Boost)  
  22  1:33  Pylon  
  22  1:35  Pylon  
  22  1:47  Photon Cannon  
  22  1:50  Gateway  
  22  1:53  Cybernetics Core  
  22  2:04  Photon Cannon  
  22  2:05  Probe  
  22  2:06  Pylon  
  23  2:17  Probe  
  23  2:22  Assimilator  
  24  2:26  Photon Cannon  
  24  2:27  Adept (Chrono Boost)  
  24  2:34  Probe  
  27  2:46  Stargate  
  27  2:52  Adept  
  27  2:56  Probe  
  30  2:58  Warp Gate  
  30  3:07  Shield Battery  
  30  3:11  Pylon  
  30  3:20  Void Ray (Chrono Boost)  
  32  3:52  Nexus  
  32  3:56  Void Ray (Chrono Boost)  
  34  4:12  Probe  
  34  4:16  Pylon  
  33  4:23  Pylon  
  32  4:25  Probe  
  32  4:30  Void Ray (Chrono Boost)  
  34  4:38  Probe  
  38  4:50  Probe  
  39  5:02  Probe, Void Ray (Chrono Boost)  
  40  5:08  Probe  
  45  5:14  Probe  
  45  5:20  Probe  
  47  5:24  Photon Cannon  
  47  5:26  Shield Battery  
  47  5:30  Probe  
  47  5:33  Pylon  
Show
View Real Time Build Order
Export as new Build Order

Yoger Zerg 

Build Orders: Hatch First 

Get SALT Encoding   

  12  0:00  Drone  
  13  0:12  Overlord  
  13  0:17  Drone  
  14  0:31  Drone x2  
  16  0:48  Hatchery  
  15  0:51  Drone  
  15  0:54  Drone  
  17  0:59  Drone  
  18  1:09  Extractor  
  17  1:14  Spawning Pool  
  17  1:16  Drone  
  17  1:20  Drone  
  18  1:27  Drone  
  19  1:43  Overlord  
  19  1:52  Hatchery  
  19  2:01  Extractor  
  19  2:02  Drone, Roach Warren  
  19  2:03  Queen  
  21  2:11  Spine Crawler  
  21  2:14  Drone  
  21  2:18  Drone  
  22  2:25  Drone  
  23  2:39  Queen  
  23  2:42  Roach  
  27  2:47  Roach  
  29  2:55  Overlord  
  29  3:04  Roach  
  31  3:06  Ravager  
  32  3:14  Ravager  
  33  3:20  Roach  
  35  3:28  Drone x2  
  35  3:30  Roach  
  39  3:39  Extractor  
  38  3:51  Hatchery, Roach  
  37  3:55  Drone  
  36  4:11  Lair  
  36  4:12  Drone x2  
  38  4:21  Overlord x2  
  34  4:47  Drone x2  
  34  4:48  Spore Crawler  
  35  4:57  Drone x4  
  35  4:58  Drone  
  40  5:02  Hatchery  
  39  5:14  Spore Crawler  
  39  5:15  Drone  
  37  5:22  Hydralisk Den  
  37  5:27  Drone x2  
  36  5:34  Spore Crawler  
Tags
 
Add a new tag
Caveats
  • Supply blocks, unpowered buildings, or Contaminate may cause inaccurate times.
  • Supply counts are checked every 10 seconds.